Match 46795775
Unlisted

Match 46795775
End
Selects Italian Combined Arms Battlegroup
Selects Italian Combined Arms Battlegroup
Selects Bersaglieri Squad
Bersaglieri Squad
Panzergrenadier Squad
Bersaglieri Squad
Construct Light Support Kompanie
2.5-tonne Medical Truck
MG34 Team
2.5-tonne Medical Truck
Selects Bersaglieri Bolster
Assault Mechanized Group
Selects Breda Model 30 Light Machine Guns
MG34 Team
Fire Support Elements
Panzerjäger Squad
2.5-tonne Medical Truck
Construct Panzerarmee Kommand
AI Takeover
Brothers in Trenches
Amental
BOMB BOMB
Boneless
Arwootarch
BazookaJoe
0
0

Comments sign in to comment!

No comments posted yet!